 Dungeon Crawl Stone Soup version 0.26.1-11-gd32895ea62 (webtiles) character file.

Game seed: 8092179473175286024

42 Silvore the Slasher (level 3, -3/27 HPs)
             Began as a Demonspawn Gladiator on June 29, 2021.
             Slain by a hobgoblin (5 damage)
             ... led by Robin
             ... on level 1 of the Dungeon.
             The game lasted 00:01:24 (1411 turns).

Silvore the Slasher (Demonspawn Gladiator)          Turns: 1411, Time: 00:01:25

Health: -3/27      AC:  8    Str: 15    XL:     3   Next: 33%
Magic:  3/3        EV: 12    Int:  9    God:
Gold:   59         SH:  0    Dex: 14    Spells: 2/2 levels left

rFire    + . .     SeeInvis .   a - +0 long sword
rCold    . . .     Faith    .   (no shield)
rNeg     . . .     Spirit   .   f - +0 ring mail
rPois    .         Reflect  .   c - +0 helmet
rElec    .         Harm     .   (no cloak)
rCorr    .         Rampage  .   (no gloves)
Will     .....                  (no boots)
Stlth    +.........             (no amulet)
HPRegen  0.09/turn              (no ring)
MPRegen  0.08/turn              (no ring)

@: no status effects
A: yellow scales 1, fire resistance 1
a: no special abilities


You were on level 1 of the Dungeon.
You visited 1 branch of the dungeon, and saw 2 of its levels.

You collected 59 gold pieces.

Inventory:

Hand Weapons
 a - a +0 long sword (weapon)
Missiles
 d - 3 throwing nets (quivered)
Armour
 b - a +0 leather armour
 c - a +0 helmet (worn)
 f - a +0 ring mail (worn)
Potions
 e - 3 potions of curing
 g - a potion of degeneration {unknown}


   Skills:
 + Level 2.0 Fighting
 + Level 3.2 Long Blades
 + Level 1.9 Throwing
 + Level 1.1 Armour
 + Level 3.1 Dodging


You had 2 spell levels left.
You didn't know any spells.
Your spell library was empty.

Dungeon Overview and Level Annotations

Branches:
Dungeon (2/15)

Altars:


Innate Abilities, Weirdness & Mutations

You are partially covered in yellow scales. (AC +2)
Your flesh is heat resistant. (rF+)


Message History

There is a stone staircase leading down here.
You barely miss the hobgoblin.
The hobgoblin no longer looks unusually strong.
The hobgoblin hits you but does no damage. x2
The hobgoblin hits you.
* * * LOW HITPOINT WARNING * * *
You completely miss the hobgoblin. The hobgoblin closely misses you.
You riposte.
You hit the hobgoblin but do no damage. The hobgoblin barely misses you.
You completely miss the hobgoblin. The hobgoblin closely misses you. x2
You hit the hobgoblin but do no damage.
The hobgoblin hits you but does no damage.
The hobgoblin misses you.
You hit the hobgoblin.
The hobgoblin is almost dead.
The hobgoblin barely misses you.
You riposte.
You slash the hobgoblin!
You kill the hobgoblin!
The hobgoblin hits you but does no damage.
The hobgoblin hits you.
You die...

.##.#......##.#.....# #...
....#.###.###.#.....#
#######.#)
###.#.###.###..#.####
#......... # #.#.##...##......#
#.......## ###.#.##...##......#
###.......#
......##...##.#....#
#.........#
###...##...##.#..###
#.#......##
##....###.###.##g#####.#......#
##.#..........##@g.....########
##.#.####.##############
##.#.............).# #####
.............#.###.# #....
##.####.........##.# #.### #.#
#.#.####.###.# #.# # ##.#
#.#.####.# #.# #.# # ...#
#.#......# #.# #.# # ####
#.######## #.# #.# #


You could see a hobgoblin (strong) and a goblin (strong).

Vanquished Creatures
  Robin (D:2)
  A dart slug (D:1)
  2 leopard geckos (D:1)
  A bat (D:1)
  A giant cockroach (D:1)
  9 goblins
  3 hobgoblins
  5 kobolds (D:1)
  2 frilled lizards (D:1)
  A rat (D:1)
26 creatures vanquished.

Notes
Turn   | Place    | Note
-------+----------+-------------------------------------------
     0 | D:1      | Silvore the Demonspawn Gladiator began the quest for the
                  | Orb.
     0 | D:1      | Reached XP level 1. HP: 16/16 MP: 1/1
   219 | D:1      | Gained mutation: You are partially covered in yellow
                  | scales. (AC +2) [demonic ancestry]
   219 | D:1      | Reached XP level 2. HP: 16/22 MP: 2/2
  1218 | D:2      | Noticed Robin
  1395 | D:2      | Gained mutation: Your flesh is heat resistant. (rF+)
                  | [demonic ancestry]
  1395 | D:2      | Reached XP level 3. HP: 25/27 MP: 3/3
  1403 | D:2      | Reached skill level 1 in Armour
  1403 | D:2      | Killed Robin
  1411 | D:1      | Slain by a hobgoblin

Illustrated notes

Levels and vault maps discovered:
D:1:      heliophobic_arrival_enchanted_forest, layout_basic
D:2:      layout_basic, chequers_ecumenical_altar_twisty, uniq_robin

Skill      XL: |  1  2  3 |
---------------+----------+-----
Dodging        | 3 |  3.1
Long Blades    | 3 |  3.2
Armour         | 1 |  1.1
Fighting       | |  2.0
Throwing       | |  1.9

Action                   || total
-------------------------++-------
Melee: Long sword        ||    78
  Use: Scroll            ||     1
Armor: Leather armour    ||     6
       Ring mail         ||    49
Dodge: Dodged            ||    58
       Rpst.: Long sword ||    14
